Map: Voracity

Players

Darius - Winner!

  • Race: Protoss Protoss
  • League: Gold
  • Spawn Location: 1:00

FunkyDanDog - Winner!

  • Race: Terran Terran
  • Spawn Location: 1:00

WeAreLegion - Winner!

  • Race: Terran Terran
  • League: Gold
  • Spawn Location: 1:00

JhnWyne

  • Race: Terran Terran
  • Spawn Location: 7:00

inosuke

  • Race: Protoss Protoss
  • Spawn Location: 7:00

Unclebens

  • Race: Protoss Protoss
  • League: Master
  • Spawn Location: 7:00

VOD

Have the link to the VOD?

Description

Time

  • Played on: Dec. 17, 2024, 12:21 a.m.
  • Length: 24:47
Show
View Real Time Build Order
Export as new Build Order

Darius Protoss - Winner!

Build Orders: Zealot Archon, Archon Drop, Dark Templar Rush 

Get SALT Encoding   

  12  0:00  Probe  
  13  0:12  Probe  
  14  0:23  Pylon  
  14  0:25  Probe  
  15  0:37  Probe  
  15  0:42  Gateway  
  16  0:45  Probe  
  16  0:47  Assimilator  
  17  0:55  Probe  
  17  0:56  Assimilator  
  18  1:04  Probe  
  18  1:06  Pylon  
  19  1:12  Probe  
  20  1:21  Probe  
  21  1:30  Cybernetics Core  
  21  1:33  Probe  
  22  1:41  Forge  
  22  1:46  Probe  
  23  1:58  Probe  
  24  2:13  Twilight Council  
  24  2:17  Pylon  
  24  2:23  Robotics Facility  
  24  2:30  Photon Cannon  
  24  2:39  Photon Cannon  
  24  2:53  Dark Shrine  
  24  2:54  Warp Gate  
  24  3:10  Warp Prism  
  26  3:16  Gateway  
  26  3:22  Gateway  
  26  3:37  Gateway  
  26  3:43  Pylon  
  26  3:52  Gateway  
  26  4:14  Gateway  
  26  4:16  Pylon  
  26  4:47  Dark Templar  
  26  4:48  Dark Templar x3  
  34  5:36  Archon x2  
  34  5:52  Stalker x4  
  34  5:53  Stalker x2  
  44  6:22  Stalker x4  
  44  6:23  Stalker x2  
  24  6:56  Nexus  
  24  6:59  Pylon, Protoss Ground Weapons Level 1  
  24  7:02  Pylon, Probe  
  24  7:05  Pylon  
  25  7:10  Probe  
  26  7:20  Probe  
  27  7:24  Photon Cannon  
  27  7:32  Probe  
  28  7:37  Photon Cannon  
  28  7:40  Shield Battery  
  28  8:20  Nexus  
  28  8:23  Probe  
  29  8:33  Templar Archives  
  29  8:35  Probe  
  30  8:45  Forge  
  30  8:47  Forge  
  30  8:54  Pylon  
  30  8:56  Probe  
  31  9:04  Assimilator  
  31  9:07  Assimilator, Probe  
  32  9:11  Photon Cannon  
  32  9:15  Probe  
  32  9:23  Probe  
  33  9:24  Probe  
  33  9:27  Protoss Shields Level 1  
  33  9:30  Assimilator, Protoss Ground Armor Level 1  
  35  9:37  Probe  
  36  9:47  High Templar x4  
  36  9:49  Probe  
  45  10:00  Psionic Storm  
  45  10:01  Probe  
  46  10:23  Assimilator  
  46  10:24  Probe  
  46  10:25  Probe  
  46  10:26  Probe  
  49  10:32  Probe  
  49  10:38  Probe x2  
  49  10:40  Probe  
  49  10:41  Protoss Ground Weapons Level 2  
  49  10:42  Stalker x2  
  54  10:43  Stalker x3  
  63  10:50  Probe  
  63  10:52  Probe  
  65  11:02  Sentry  
  67  11:10  Photon Cannon  
  67  11:12  Shield Battery  
  54  11:32  Stalker x6  
  64  12:05  Probe  
  65  12:16  Sentry x2  
  65  12:17  High Templar x3  
  65  12:18  Probe  
  76  12:34  Probe x2  
  79  12:43  Stalker  
  79  12:44  Stalker x2  
  82  12:46  Probe  
  85  12:52  Gateway  
  85  12:53  Protoss Ground Weapons Level 3, Protoss Shields Level 2, Protoss Ground Armor Level 2  
  85  12:55  Gateway  
  85  13:04  Shield Battery  
  85  13:09  Pylon  
  85  13:22  Blink  
  85  13:27  Robotics Facility, Probe  
  85  13:29  Robotics Facility  
  86  13:35  Probe  
  87  13:45  Probe  
  88  13:52  Immortal  
  92  14:00  Pylon  
  92  14:07  Zealot x2  
  92  14:09  Zealot x3  
  102  14:10  Zealot x3  
  108  14:30  Immortal x2  
  116  14:45  Robotics Bay  
  116  14:51  Pylon  
  116  14:53  Photon Cannon  
  116  15:14  Stalker x5  
  120  15:15  Stalker x2  
  130  15:23  Charge  
  128  15:43  Stalker x3  
  128  15:44  Stalker x5  
  85  16:11  Stalker  
  85  16:12  Stalker x3  
  85  16:13  Stalker x2  
  85  16:14  Stalker  
  89  16:36  Stalker x4  
  89  16:37  Stalker x4  
  91  17:44  Stalker x4  
  91  17:45  Stalker x3  
  91  17:46  Stalker  
  103  18:26  Nexus  
  67  18:53  Pylon  
  67  18:55  Stalker, Pylon  
  67  18:56  Stalker x5  
  67  18:57  Stalker x2  
  83  19:23  Stalker x6  
  83  19:24  Stalker x2  
  99  19:43  Assimilator  
  99  19:47  Stalker  
  99  19:48  Stalker  
  99  19:49  Stalker x2  
  99  19:50  Stalker x2  
  93  21:21  Extended Thermal Lance  
  93  21:29  Colossus x2  
  105  21:50  Assimilator, Probe  
  106  21:55  Assimilator  
  106  21:58  Probe  
  106  22:08  Probe  
  72  23:00  Stalker x3  
  72  23:01  Stalker x4  
  72  23:02  Stalker  
  88  23:09  Probe  
  88  23:17  Probe  
  90  23:27  Probe  
  91  24:06  Stalker x5  
Show
View Real Time Build Order
Export as new Build Order

FunkyDanDog Terran - Winner!

Build Orders:  

Get SALT Encoding   

  12  0:01  SCV  
  13  0:22  SCV  
  13  0:25  Supply Depot  
  14  0:34  SCV, Refinery  
  15  0:46  SCV  
  16  0:51  Barracks  
  16  0:59  SCV  
  17  1:11  SCV  
  18  1:38  Orbital Command  
  18  1:42  Supply Depot  
  18  1:44  Barracks Reactor  
  18  2:06  SCV  
  19  2:13  Refinery  
  19  2:18  SCV  
  19  2:22  Marine x2, Barracks  
  22  2:30  Command Center  
  22  2:37  SCV  
  22  2:39  Marine  
  22  2:40  Marine  
  25  2:49  SCV  
  26  2:56  Barracks  
  26  2:57  Marine x2  
  28  3:01  SCV  
  29  3:13  SCV  
  29  3:14  Barracks Tech Lab  
  29  3:19  Ghost Academy  
  30  3:30  Supply Depot  
  30  3:36  Stimpack  
  30  3:42  Marauder  
  30  3:48  Orbital Command, Refinery  
  32  3:53  Supply Depot  
  32  3:55  Barracks Tech Lab  
  32  3:59  Marine x2  
  34  4:03  Ghost  
  34  4:08  Refinery  
  37  4:10  Supply Depot  
  36  4:24  Marine x2  
  38  4:37  Ghost  
  41  4:42  Marine x2  
  43  4:46  SCV x2  
  45  4:58  SCV x2  
  47  5:10  SCV  
  48  5:22  SCV  
  48  5:27  Supply Depot  
  49  5:29  Combat Shield  
  49  5:31  Concussive Shells  
  49  5:34  SCV  
  50  5:37  SCV  
  51  5:46  SCV  
  51  5:49  SCV  
  53  5:50  Personal Cloaking  
  53  5:53  Supply Depot  
  53  5:59  SCV  
  53  6:01  SCV, Marauder x2  
  53  6:02  Marine x2  
  61  6:11  SCV  
  62  6:14  SCV  
  63  6:19  Marine  
  63  6:21  Factory  
  63  6:23  SCV  
  65  6:26  SCV  
  66  6:35  SCV, Marine  
  66  6:36  Marine  
  66  6:37  Marine  
  66  6:38  Ghost  
  73  6:45  Factory  
  73  6:53  Marine x2  
  75  6:55  Marine  
  76  7:08  Marauder  
  78  7:12  Marauder  
  79  7:28  Nuke  
  79  7:29  Marauder  
  78  7:33  Marauder  
  80  7:41  Marine x2  
  82  7:45  Factory Tech Lab  
  82  7:46  Factory Tech Lab  
  82  7:50  Starport, Marauder  
  82  7:51  Starport  
  84  7:55  Marauder  
  86  8:05  Supply Depot  
  86  8:09  Marine x2  
  86  8:10  SCV  
  86  8:12  Marauder  
  91  8:16  Marauder  
  93  8:22  SCV  
  94  8:27  Marine x2  
  94  8:28  Supply Depot  
  94  8:33  Marine  
  97  8:34  SCV  
  97  8:37  Marine, Command Center  
  86  8:45  Marine x2  
  86  8:46  SCV  
  76  8:50  Supply Depot, Marine  
  76  8:55  Marine  
  77  8:58  Viking  
  77  8:59  Viking  
  79  9:03  Marine x2  
  79  9:08  Marine  
  82  9:12  Supply Depot, Marine  
  83  9:17  Cyclone x2  
  83  9:19  Mag-Field Accelerator  
  83  9:21  Infernal Pre-Igniter, Marine  
  90  9:27  Marauder  
  90  9:28  Viking  
  90  9:29  SCV, Viking  
  90  9:31  Marauder  
  98  9:41  SCV  
  99  9:48  Marauder  
  99  9:49  Cyclone x2, Command Center  
  107  9:53  SCV  
  108  10:00  Starport Tech Lab  
  108  10:02  Starport Reactor  
  108  10:05  SCV  
  109  10:09  Engineering Bay  
  109  10:11  Armory  
  109  10:13  Supply Depot  
  109  10:21  Cyclone x2  
  115  10:35  Supply Depot  
  96  10:53  Cyclone x2  
  93  11:03  Medivac x2  
  97  11:17  Ghost x2  
  103  11:18  Marine x2  
  100  11:36  Marine  
  78  12:14  Command Center  
  78  12:27  Marine x4  
  82  12:32  Viking, Medivac x2  
  82  12:36  Cyclone x2  
  94  12:45  Marine x4  
  94  12:46  Terran Infantry Weapons Level 1  
  98  13:02  Marine, Viking x2  
  98  13:03  Marauder x2  
  98  13:05  Supply Depot  
  107  13:08  Cyclone x2  
  107  13:10  Terran Vehicle Weapons Level 1, Refinery x2  
  113  13:23  Viking  
  113  13:25  Marauder x2  
  113  13:27  Marine x2  
  119  13:30  Supply Depot  
  119  13:31  Viking  
  119  13:32  Viking  
  125  13:40  Cyclone x2  
  131  13:44  Marine  
  131  13:45  Marine, Ghost  
  131  13:46  Marauder  
  138  13:52  Supply Depot  
  138  13:53  Viking  
  140  14:00  SCV x2  
  140  14:01  SCV  
  140  14:02  Marine x2  
  143  14:07  Marine  
  146  14:12  Cyclone x2  
  146  14:13  SCV x2  
  146  14:14  Marine  
  146  14:15  Supply Depot, Viking x2  
  159  14:20  Marine x2  
  159  14:23  Viking  
  163  14:25  Marauder  
  165  14:33  Marauder  
  165  14:38  Marine x2  
  167  14:40  Terran Infantry Armor Level 1  
  167  14:44  Cyclone x2  
  175  14:47  Marauder  
  175  14:50  Command Center  
  177  14:53  Raven  
  177  14:54  Marauder  
  181  15:05  Terran Vehicle And Ship Armor Level 1  
  181  15:08  Marauder  
  183  15:15  Marauder  
  183  15:16  Cyclone  
  188  15:54  Orbital Command  
  188  16:02  Supply Depot  
  188  16:08  Command Center  
  188  16:21  Cyclone  
  188  16:23  Cyclone  
  191  16:34  Neosteel Armor  
  188  16:53  Cyclone  
  191  16:57  Marine x4  
  191  16:59  Terran Ship Weapons Level 1  
  195  17:04  Medivac  
  197  17:12  Viking  
  197  17:14  Medivac  
  197  17:19  Marine x2  
  199  17:30  Cyclone  
  199  17:32  Ghost  
  199  17:34  Ghost  
  190  17:42  Viking  
  190  17:50  Orbital Command  
  190  18:00  Ghost  
  190  18:02  Marine x2, Cyclone  
  190  18:03  Marauder  
  200  18:14  Terran Infantry Weapons Level 2  
  194  18:34  Cyclone  
  160  18:53  Terran Vehicle Weapons Level 2  
  135  18:59  Refinery  
  135  19:02  Refinery  
  120  19:06  Cyclone  
  78  19:26  Marine  
  79  19:35  Viking x3  
  79  19:38  Cyclone  
  79  19:44  Starport  
  79  19:45  Starport  
  78  19:49  Armory  
  78  20:05  Viking x3  
  84  20:17  Cyclone x2  
  90  20:29  Terran Infantry Armor Level 2  
  90  20:35  Starport Reactor, Viking x3  
  96  20:36  Starport Tech Lab  
  96  20:49  Cyclone x2  
  98  21:04  Viking  
  98  21:05  Viking x2  
  95  21:21  Cyclone x2  
  95  21:25  Terran Ship Weapons Level 2  
  101  21:27  Orbital Command, Terran Vehicle And Ship Armor Level 2  
  101  21:29  Nuke  
  101  21:35  Viking  
  103  21:42  Viking x2  
  107  21:49  Viking x2  
  107  21:51  Viking  
  107  21:53  Cyclone x2  
  119  22:25  Cyclone x2  
  125  22:34  Refinery x2  
  125  22:57  Cyclone  
  125  22:58  Cyclone  
  127  23:22  Viking x6  
  139  23:29  Cyclone  
  139  23:30  Cyclone  
  145  23:52  Marine x4, Viking x6  
  161  24:02  Cyclone, Hellion  
  166  24:10  Marine x4  
  171  24:28  Marine x4  
Show
View Real Time Build Order
Export as new Build Order

WeAreLegion Terran - Winner!

Build Orders: Reaper Expand 

Get SALT Encoding   

  12  0:00  SCV  
  13  0:12  SCV  
  14  0:24  Supply Depot  
  14  0:25  SCV  
  15  0:46  SCV  
  15  0:47  Barracks  
  16  0:58  SCV  
  16  1:02  Refinery  
  17  1:07  Refinery  
  17  1:10  SCV  
  18  1:22  SCV  
  19  1:36  Orbital Command  
  19  1:47  Command Center  
  19  1:51  Reaper  
  19  2:05  SCV  
  20  2:10  Supply Depot  
  20  2:17  SCV  
  20  2:21  Factory  
  21  2:29  SCV  
  22  2:31  Marine  
  23  2:41  SCV  
  24  2:50  Barracks Reactor  
  24  2:54  SCV  
  25  3:04  Orbital Command  
  25  3:06  SCV  
  25  3:12  Factory Tech Lab  
  26  3:18  SCV  
  26  3:19  Starport  
  26  3:30  SCV  
  27  3:37  Marine x2  
  27  3:40  SCV  
  30  3:42  SCV  
  30  3:44  Siege Tank  
  34  3:53  SCV  
  34  3:54  SCV  
  34  3:55  Marine x2  
  38  4:00  Liberator  
  41  4:05  SCV  
  42  4:13  Supply Depot, Marine  
  42  4:16  SCV  
  44  4:19  Barracks  
  44  4:20  Marine  
  45  4:30  Marine  
  46  4:35  SCV x2  
  46  4:37  Siege Tank  
  46  4:38  Marine  
  52  4:42  Barracks  
  52  4:43  Supply Depot  
  52  4:45  Supply Depot  
  52  4:47  Starport Tech Lab, SCV x2  
  54  5:04  SCV x2, Marine x2  
  54  5:06  Engineering Bay  
  58  5:08  Engineering Bay  
  58  5:11  Command Center  
  58  5:16  SCV x2  
  58  5:20  Siege Tank  
  63  5:22  Marine  
  63  5:23  Raven  
  66  5:28  SCV x2  
  68  5:38  Marine  
  68  5:41  Barracks Reactor  
  69  5:45  Barracks Tech Lab  
  69  5:47  Barracks Tech Lab  
  69  5:54  Barracks  
  69  5:58  Supply Depot  
  69  6:00  Supply Depot  
  69  6:01  SCV x2  
  68  6:06  Refinery  
  68  6:08  Refinery  
  68  6:09  Marine x2  
  70  6:19  Marine x2  
  70  6:20  SCV x2  
  70  6:21  Terran Infantry Weapons Level 1, Barracks, Terran Infantry Armor Level 1  
  70  6:22  Supply Depot  
  70  6:23  Starport Reactor  
  70  6:24  Supply Depot  
  74  6:27  Supply Depot, Marine  
  74  6:29  Marine  
  74  6:32  SCV x2  
  78  6:37  Marine x2  
  80  6:43  Barracks Reactor  
  80  6:44  Stimpack  
  80  6:45  Combat Shield, Marine  
  80  6:46  Marine  
  82  6:47  SCV  
  82  6:48  SCV  
  84  7:00  SCV x2, Marine x2  
  91  7:01  Siege Tank  
  91  7:03  Viking x2  
  95  7:12  Orbital Command, SCV  
  95  7:15  SCV  
  97  7:20  Marine  
  97  7:21  Marine x3  
  101  7:24  SCV  
  101  7:27  Concussive Shells, SCV  
  101  7:28  Marine x2  
  101  7:29  Marine  
  106  7:39  Marauder x2  
  106  7:40  Supply Depot  
  106  7:42  Supply Depot, SCV  
  106  7:43  SCV x2  
  113  7:45  Marine  
  113  7:46  Marine  
  113  7:49  Refinery  
  113  7:50  Refinery  
  115  7:54  SCV  
  115  7:55  SCV x2  
  118  7:59  Marine x2  
  118  8:00  Marine  
  118  8:01  Marauder  
  123  8:06  Supply Depot  
  123  8:07  SCV x3  
  123  8:08  Supply Depot  
  126  8:16  Command Center  
  126  8:19  SCV  
  127  8:27  Marine  
  127  8:28  Marine x3  
  127  8:29  Siege Tank, Marauder x3  
  127  8:30  Viking x2  
  144  8:45  Marine x2  
  146  8:55  Ghost Academy  
  146  9:00  Viking x2  
  146  9:01  Siege Tank  
  153  9:07  Marine x3  
  156  9:14  Armory x2  
  156  9:21  Supply Depot, Marauder x3  
  162  9:25  Marine x3  
  162  9:28  Supply Depot  
  162  9:30  Viking x2  
  169  9:33  Siege Tank  
  169  9:35  Factory  
  172  9:42  Marauder x3  
  172  9:43  Supply Depot, Starport  
  178  9:47  Marine x3  
  178  9:51  Supply Depot  
  178  10:04  Marauder x3  
  171  10:23  Marine x2  
  171  10:24  Marine x2  
  171  10:25  Marauder x2  
  171  10:26  Factory Tech Lab  
  178  10:29  Starport Reactor  
  178  10:30  Marine  
  179  10:40  Medivac x2  
  179  10:41  Marine  
  184  10:46  Marauder  
  184  10:48  Planetary Fortress  
  186  11:00  Ghost  
  189  11:06  Refinery  
  189  11:07  Marine x2  
  189  11:08  Marine x2  
  189  11:09  Marine x2, Refinery  
  189  11:10  Medivac x2  
  199  11:25  Marine x2  
  198  11:26  Marine  
  198  11:29  Marine  
  197  11:39  Medivac  
  197  11:43  Marine  
  200  11:58  SCV x2  
  200  13:30  Terran Infantry Weapons Level 2  
  200  13:31  Terran Infantry Armor Level 2  
  200  13:33  Terran Vehicle Weapons Level 1  
  200  13:34  Terran Ship Weapons Level 1  
  200  13:37  Nuke  
  192  14:15  Marine x3  
  192  14:16  Marine, Marauder  
  198  14:17  Viking  
  200  14:33  Personal Cloaking  
  200  14:34  Ghost Academy  
  191  15:06  Viking x4  
  199  15:28  Terran Vehicle And Ship Armor Level 1  
  147  16:41  Ghost x3  
  147  16:43  Thor x2  
  160  17:09  Ghost x2  
  160  17:12  Ghost, Viking x3  
  175  17:25  Marine x4  
  175  17:26  Thor  
  175  17:27  Widow Mine  
  187  17:37  Viking  
  187  17:38  Ghost x2  
  187  17:41  Ghost  
  187  17:42  Viking x3  
  187  17:43  Marine  
  172  18:07  Marauder x2, Viking  
  172  18:08  Marine  
  172  18:09  Marine x3, Widow Mine  
  172  18:10  Marauder  
  170  18:17  Viking x3  
  162  18:29  Marauder x2  
  162  18:32  Marauder  
  168  18:37  Viking  
  162  18:47  Viking  
  160  18:50  Marauder  
  162  18:56  Command Center  
  143  19:29  Viking x2  
  143  19:30  Viking x2  
  151  19:35  Terran Infantry Weapons Level 3  
  126  19:59  Viking x2  
  116  20:10  Marine x5  
  116  20:11  Marauder x2  
  116  20:12  Viking x2  
  105  20:29  Marauder, Viking  
  105  20:33  Marauder  
  109  20:42  Marine  
  110  20:43  Viking x3  
  114  20:59  Viking  
  116  21:27  Command Center  
  116  21:40  Terran Ship Weapons Level 2  
  88  22:43  Viking x2  
  92  23:37  Viking  
  92  23:38  Viking x2  
  98  24:07  Marine  
  98  24:08  Marine x4  
  98  24:09  Marauder x2  
  107  24:13  Refinery  
  107  24:14  Command Center  
  107  24:16  Refinery  
  107  24:17  Orbital Command  
  111  24:39  Command Center  
Show
View Real Time Build Order
Export as new Build Order

JhnWyne Terran 

Build Orders: Liberator Opening 

Get SALT Encoding   

  12  0:17  SCV  
  13  0:29  SCV  
  13  0:35  Supply Depot  
  14  0:39  Refinery  
  14  0:41  SCV  
  15  0:57  SCV  
  15  0:59  Barracks  
  16  1:09  SCV  
  17  1:21  SCV  
  18  1:33  SCV  
  19  1:45  SCV  
  20  1:56  Factory  
  21  2:08  Orbital Command  
  20  2:15  Reaper  
  21  2:18  Command Center  
  21  2:29  Supply Depot  
  21  2:34  SCV  
  22  2:46  SCV  
  22  2:49  Refinery  
  23  2:53  Starport  
  23  3:05  SCV  
  24  3:09  Marine  
  25  3:15  Supply Depot  
  25  3:17  SCV  
  26  3:26  Marine  
  27  3:34  SCV  
  27  3:38  Orbital Command  
  28  3:42  Factory Tech Lab  
  28  3:43  Liberator  
  28  3:44  Marine  
  28  3:46  SCV  
  33  3:50  Engineering Bay  
  33  3:59  SCV  
  33  4:02  Marine  
  35  4:12  SCV  
  35  4:40  Siege Tank  
  35  4:41  Starport Reactor  
  38  4:47  Refinery  
  38  4:49  Refinery  
  38  4:50  Missile Turret  
  38  4:51  Missile Turret  
  38  4:53  Missile Turret  
  38  4:55  Missile Turret  
  38  4:58  Command Center  
  34  5:26  Orbital Command  
  34  5:36  Viking x2  
  38  5:51  Missile Turret  
  37  6:06  Bunker  
  30  6:34  Orbital Command  
  29  7:15  Missile Turret  
  29  7:19  Missile Turret  
  29  7:20  Missile Turret  
  29  7:25  Refinery  
  29  7:27  Orbital Command  
  29  7:29  Refinery  
  29  7:37  SCV  
  29  7:38  SCV  
  29  7:43  Siege Tank  
  34  7:49  SCV  
  34  7:50  SCV  
  36  8:02  SCV x2  
  38  8:15  Siege Tank, Command Center  
  36  8:31  SCV x3  
  39  8:43  SCV x3  
  42  8:55  SCV x3  
  45  9:09  Command Center  
  45  9:16  Viking x2  
  49  9:18  Siege Tank  
  52  9:31  SCV x3, Fusion Core  
  55  9:43  SCV x2  
  55  9:44  SCV  
  58  9:50  Siege Tank  
  61  9:55  SCV  
  47  10:22  Siege Tank  
  47  10:23  Viking x2  
  54  10:29  Command Center  
  54  10:30  Command Center  
  54  10:32  Refinery  
  54  10:35  Refinery  
  54  10:53  Viking x2  
  54  10:54  Siege Tank  
  61  10:58  Starport x2  
  61  11:00  Starport  
  61  11:02  SCV x3  
  64  11:14  SCV x3  
  67  11:26  SCV x2  
  69  11:35  SCV  
  69  11:38  SCV x2  
  68  11:47  SCV  
  68  11:48  Planetary Fortress x2  
  68  11:50  SCV x2  
  67  11:58  Missile Turret  
  67  12:00  SCV  
  67  12:01  Missile Turret  
  68  12:03  Starport Tech Lab x3  
  68  12:20  Missile Turret  
  68  12:23  Missile Turret  
  68  12:24  Neosteel Armor  
  68  12:27  Weapon Refit  
  68  12:33  Armory x2  
  68  12:42  Missile Turret  
  68  12:46  Missile Turret  
  68  12:53  SCV x3  
  68  12:54  SCV x2  
  73  13:05  SCV x2  
  74  13:06  SCV x3  
  74  13:10  Supply Depot  
  74  13:12  Supply Depot x2  
  78  13:15  Battlecruiser  
  78  13:17  Supply Depot  
  84  13:39  Supply Depot  
  84  13:44  Battlecruiser x2  
  84  13:47  Liberator x2  
  102  14:04  Hi-Sec Auto Tracking  
  102  14:07  Supply Depot  
  102  14:09  Supply Depot  
  102  14:10  Supply Depot  
  102  14:13  Terran Vehicle And Ship Armor Level 1, Terran Ship Weapons Level 1  
  102  14:20  Starport  
  102  14:23  Starport  
  102  14:46  Command Center  
  102  15:02  Starport Tech Lab  
  102  15:08  Battlecruiser x2  
  102  15:09  Starport Tech Lab  
  114  15:27  Missile Turret  
  114  15:28  Missile Turret  
  114  15:30  Missile Turret  
  114  15:31  Missile Turret  
  114  15:32  Missile Turret  
  114  15:33  Missile Turret  
  114  15:34  Liberator x4  
  126  15:47  Refinery  
  126  15:48  Refinery  
  126  15:52  Missile Turret  
  126  16:11  Liberator  
  126  16:14  Battlecruiser  
  126  16:17  Terran Ship Weapons Level 2  
  129  16:41  Battlecruiser x3  
  147  17:04  Battlecruiser  
  153  17:18  Battlecruiser  
  159  17:23  Terran Vehicle And Ship Armor Level 2  
  156  17:48  Liberator x2  
  138  18:27  Planetary Fortress  
  78  19:16  Battlecruiser x3  
  84  19:48  Battlecruiser  
  83  19:54  Battlecruiser  
  80  20:03  Viking  
  82  21:03  Supply Depot  
  82  21:04  Supply Depot x2  
  82  21:06  Supply Depot x2  
  82  21:08  Liberator x2  
  82  21:14  Siege Tank, Liberator  
  82  21:25  Liberator  
  85  21:29  Battlecruiser, Missile Turret  
  23  23:10  Command Center  
  23  23:11  Command Center  
  17  23:15  Command Center  
  17  23:18  Missile Turret  
  17  23:19  Missile Turret  
  17  23:20  Missile Turret  
  17  23:22  Missile Turret  
  17  23:25  Missile Turret  
  11  23:41  Missile Turret  
  11  23:42  Missile Turret  
  11  23:44  Missile Turret x2  
  11  23:46  Missile Turret  
  11  23:58  Engineering Bay  
  11  24:00  Engineering Bay  
  8  24:07  SCV  
  8  24:08  Engineering Bay  
Show
View Real Time Build Order
Export as new Build Order

inosuke Protoss 

Build Orders:  

Get SALT Encoding   

  1  0:00  Probe  
  12  0:05  Probe  
  14  0:15  Probe  
  15  0:26  Pylon  
  15  0:44  Probe  
  15  0:48  Gateway  
  15  0:49  Gateway  
  16  0:59  Gateway  
  16  1:01  Probe  
  16  1:10  Probe  
  18  1:19  Probe  
  19  1:28  Gateway  
  19  1:32  Probe  
  20  1:38  Cybernetics Core  
  20  1:43  Pylon  
  20  1:44  Probe  
  21  1:47  Assimilator  
  21  1:57  Pylon  
  21  1:59  Probe  
  22  2:01  Assimilator  
  22  2:13  Pylon  
  22  2:18  Warp Gate  
  22  2:19  Gateway  
  22  2:29  Probe  
  23  2:37  Probe  
  23  2:43  Stalker  
  24  2:47  Probe  
  24  2:49  Stalker  
  27  2:55  Stalker  
  31  2:59  Probe  
  31  3:02  Stalker  
  34  3:11  Stalker, Probe  
  37  3:39  Probe  
  38  3:43  Stalker x2  
  38  3:47  Stalker  
  42  3:51  Probe  
  45  4:03  Probe  
  46  4:15  Probe  
  46  4:16  Nexus  
  47  4:28  Twilight Council  
  47  4:36  Pylon  
  47  4:40  Pylon  
  47  4:48  Pylon  
  47  4:50  Pylon  
  47  4:54  Probe  
  48  5:06  Probe  
  49  5:18  Probe  
  50  5:30  Probe  
  51  5:38  Robotics Facility  
  51  5:39  Robotics Facility  
  51  5:42  Probe  
  52  5:43  Probe  
  52  5:46  Blink  
  53  5:54  Probe  
  53  5:55  Probe  
  55  6:05  Stalker x3  
  55  6:06  Stalker, Probe  
  55  6:07  Probe  
  55  6:09  Stalker  
  67  6:18  Probe  
  67  6:19  Probe  
  69  6:30  Probe  
  69  6:31  Probe  
  58  7:01  Stalker x5  
  56  7:04  Observer x2  
  66  7:28  Gateway  
  66  7:30  Gateway  
  66  7:39  Gateway  
  66  7:40  Gateway  
  66  7:43  Nexus  
  66  7:48  Probe  
  66  7:56  Probe  
  68  8:06  Probe  
  69  8:15  Pylon  
  69  8:18  Probe  
  70  8:30  Probe  
  70  8:33  Stalker x2  
  75  9:10  Nexus  
  75  9:12  Assimilator  
  75  9:14  Assimilator  
  75  9:20  Assimilator  
  75  9:21  Assimilator  
  75  9:42  Stalker  
  75  9:43  Stalker x4  
  75  9:45  Stalker  
  87  10:28  Stalker x3  
  89  10:29  Stalker x4  
  89  10:31  Stalker  
  103  10:35  Stalker  
  105  10:43  Observer x2  
  107  11:01  Observer x2  
  79  11:35  Stalker x2  
  79  11:36  Stalker x7  
  97  11:53  Robotics Facility  
  97  11:54  Robotics Bay  
  97  11:57  Robotics Facility  
  97  12:02  Forge  
  97  12:04  Forge  
  97  12:06  Forge  
  97  12:10  Pylon  
  97  12:11  Pylon  
  95  12:20  Stalker x2  
  95  12:21  Stalker  
  101  12:53  Colossus  
  101  12:54  Colossus  
  119  13:03  Extended Thermal Lance  
  119  13:05  Colossus  
  125  13:14  Protoss Ground Weapons Level 1  
  125  13:15  Protoss Ground Armor Level 1  
  125  13:17  Protoss Shields Level 1  
  125  13:35  Probe x3  
  128  13:47  Probe x3  
  131  13:56  Stalker  
  133  14:29  Pylon x2  
  133  14:32  Pylon  
  133  14:33  Pylon  
  133  14:35  Pylon  
  133  14:36  Pylon  
  133  14:37  Gravitic Boosters  
  133  14:38  Pylon  
  133  14:47  Colossus x2  
  145  14:56  Stalker x4  
  145  14:58  Stalker  
  155  15:12  Protoss Ground Weapons Level 2  
  155  15:13  Protoss Ground Armor Level 2  
  155  15:17  Protoss Shields Level 2  
  155  15:22  Observer  
  156  15:39  Observer  
  75  16:16  Colossus  
  75  16:17  Colossus x2  
  87  16:24  Stalker x3  
  43  17:14  Colossus  
  25  18:07  Observer  
Show
View Real Time Build Order
Export as new Build Order

Unclebens Protoss 

Build Orders:  

Get SALT Encoding   

  12  0:01  Probe  
  13  0:13  Probe  
  14  0:22  Pylon  
  14  0:28  Probe  
  14  0:30  Assimilator  
  15  0:36  Probe  
  16  0:46  Probe  
  17  0:53  Gateway  
  17  0:59  Probe  
  18  1:05  Forge  
  18  1:13  Assimilator  
  18  1:21  Probe  
  19  1:33  Probe  
  19  1:39  Pylon  
  20  1:41  Pylon  
  20  1:42  Probe  
  21  1:50  Probe  
  22  2:06  Nexus  
  22  2:17  Pylon  
  22  2:21  Probe  
  22  2:29  Probe  
  24  2:37  Probe  
  24  2:39  Cybernetics Core  
  25  2:49  Probe  
  26  2:53  Photon Cannon  
  26  3:01  Probe  
  26  3:04  Stalker  
  27  3:08  Photon Cannon  
  26  3:13  Probe  
  28  3:20  Probe  
  28  3:25  Probe  
  29  3:32  Probe  
  30  3:37  Probe  
  31  3:45  Pylon  
  31  3:49  Probe  
  31  3:51  Photon Cannon  
  31  3:53  Probe  
  33  3:59  Stalker  
  33  4:02  Probe  
  36  4:05  Probe  
  37  4:14  Probe  
  38  4:17  Probe  
  39  4:26  Stalker, Probe x2  
  39  4:27  Photon Cannon  
  43  4:31  Photon Cannon  
  43  4:34  Probe  
  43  4:35  Probe  
  44  4:43  Probe x2  
  45  4:52  Probe  
  47  4:55  Probe  
  47  4:57  Pylon x2  
  49  5:00  Pylon  
  49  5:04  Probe, Stargate  
  49  5:06  Stalker  
  50  5:09  Gateway  
  52  5:16  Probe  
  53  5:28  Assimilator  
  53  5:32  Assimilator  
  51  5:45  Photon Cannon  
  42  6:00  Stalker  
  42  6:01  Stalker  
  50  6:08  Void Ray  
  50  6:17  Gateway  
  50  6:19  Protoss Shields Level 1, Stargate  
  50  6:20  Pylon  
  50  6:27  Pylon  
  50  6:28  Stalker x2  
  50  6:32  Pylon  
  54  6:49  Protoss Air Armor Level 1  
  54  6:55  Stalker x2  
  54  6:57  Probe  
  59  7:04  Probe  
  59  7:05  Probe  
  60  7:12  Probe  
  60  7:15  Probe  
  69  7:17  Void Ray  
  69  7:18  Void Ray  
  69  7:21  Robotics Facility  
  69  7:22  Stalker, Probe  
  71  7:27  Probe  
  75  7:34  Probe  
  76  7:37  Stalker x2  
  80  7:46  Probe  
  80  7:49  Stalker  
  81  7:54  Fleet Beacon  
  83  8:04  Stalker  
  89  8:15  Void Ray  
  93  8:20  Void Ray, Protoss Ground Weapons Level 1  
  75  9:00  Photon Cannon  
  75  9:07  Robotics Bay  
  75  9:08  Stalker x3  
  81  9:32  Nexus  
  81  9:35  Stalker x2  
  83  9:41  Stalker  
  87  9:52  Void Ray x2  
  95  10:02  Stalker x2  
  95  10:05  Protoss Air Weapons Level 1  
  95  10:06  Pylon  
  99  10:09  Pylon  
  99  10:22  Protoss Ground Armor Level 1  
  99  10:32  Stalker x2  
  99  10:33  Stalker  
  65  10:59  Stalker  
  65  11:00  Stalker x2  
  79  11:05  Void Ray x2  
  79  11:23  Photon Cannon  
  79  11:24  Photon Cannon  
  79  11:27  Photon Cannon  
  79  11:29  Sentry, Photon Cannon  
  81  11:34  Photon Cannon  
  81  11:37  Probe  
  82  11:42  Carrier  
  82  11:45  Probe  
  78  11:54  Probe  
  64  12:06  Nexus, Probe  
  65  12:13  Assimilator  
  65  12:15  Assimilator  
  65  12:18  Probe  
  65  12:19  Sentry  
  65  12:20  Sentry x2  
  70  12:23  Carrier  
  76  12:31  Pylon  
  76  12:33  Pylon  
  76  12:44  Photon Cannon  
  76  12:56  Photon Cannon  
  76  12:58  Stalker  
  76  12:59  Stalker x2  
  76  13:05  Carrier  
  88  13:28  Sentry x2  
  88  13:29  Sentry  
  88  13:33  Void Ray  
  98  13:40  Protoss Air Armor Level 2  
  98  13:45  Twilight Council  
  98  13:48  Stalker x2  
  102  13:57  Photon Cannon  
  102  14:04  Probe, Photon Cannon  
  103  14:12  Probe  
  104  14:22  Probe  
  104  14:23  Pylon  
  105  14:34  Probe  
  105  14:36  Pylon  
  106  14:44  Photon Cannon  
  106  14:45  Photon Cannon  
  106  14:46  Probe  
  106  14:52  Photon Cannon  
  107  14:54  Photon Cannon  
  107  14:57  Photon Cannon  
  107  15:00  Photon Cannon  
  85  15:31  Stalker x3  
  79  15:37  Carrier  
  79  15:38  Carrier  
  91  15:52  Probe  
  91  15:56  Gateway  
  92  15:58  Stalker x3  
  92  16:00  Probe  
  99  16:07  Gateway  
  99  16:09  Probe  
  99  16:11  Gateway  
  99  16:15  Colossus  
  99  16:17  Extended Thermal Lance  
  106  16:22  Probe  
  106  16:25  Stalker x3  
  94  16:48  Void Ray  
  92  16:55  Sentry x3  
  79  17:08  Stalker  
  46  17:35  Probe  
  39  17:44  Probe  
  39  17:47  Gateway  
  39  17:49  Gateway  
  35  17:52  Probe  
  29  17:59  Cybernetics Core  
  29  18:00  Probe  
  29  18:04  Gateway  
  30  18:08  Probe  
  23  18:16  Probe  
  21  18:21  Photon Cannon  
  21  18:25  Photon Cannon  
  21  18:26  Probe  
  21  18:28  Assimilator  
  21  18:33  Assimilator  
  21  18:38  Stalker x2, Probe, Pylon  
  24  18:50  Probe  
  24  18:51  Sentry  
  27  19:00  Stargate  
  27  19:05  Stalker x2  
  27  19:09  Sentry  
  31  19:13  Pylon  
  29  19:26  Sentry  
  29  19:32  Stalker x2  
  29  19:33  Probe  
  36  19:45  Probe  
  37  19:49  Sentry  
  39  19:57  Probe  
  39  19:59  Stalker  
  40  20:02  Sentry  
  44  20:09  Probe  
  31  20:25  Sentry  
  3  21:10  Nexus  
  3  21:18  Pylon  
  3  21:20  Pylon  
  3  21:25  Pylon  
  1  22:19  Probe  
  2  22:27  Probe  
  2  22:36  Probe  
  3  22:48  Probe  
  4  23:00  Probe  
  5  23:13  Gateway, Probe  
  6  23:25  Probe  
  7  23:37  Probe  
  8  23:49  Probe  
Tags
 
Add a new tag
Caveats
  • Supply blocks, unpowered buildings, or Contaminate may cause inaccurate times.
  • Supply counts are checked every 10 seconds.